 Dungeon Crawl Stone Soup version 0.31-a0-455-g1a7b003ef0 (webtiles) character file.

Game seed: 10995840701706615822

2 zazu2006 the Vexing (level 1, 0/17 HPs)
             Began as a Gnoll Wanderer on Aug 4, 2023.
             Slain by a goblin
             ... wielding a +0 dagger
              (1 damage)
             ... on level 2 of the Dungeon.
             The game lasted 00:00:32 (24 turns).

zazu2006 the Vexing (Gnoll Wanderer)                  Turns: 24, Time: 00:00:33

Health: 0/17       AC:  3    Str: 14    XL:     1   Next: 30%
Magic:  6/6        EV: 11    Int: 11    God:
Gold:   0          SH:  0    Dex:  8    Spells: 8/9 levels left

rFire   . . .        e - +0 long sword
rCold   . . .        (no shield)
rNeg    . . .        c - +0 leather armour
rPois   .            (no helmet)
rElec   .            (no cloak)
rCorr   .            (no gloves)
SInv    .            (no boots)
Will    .....        (no amulet)
Stlth   +            (no ring)
HPRegen 0.22/turn    (no ring)
MPRegen 0.10/turn

%: no passive effects
@: no status effects
A: fangs 1, strong nose, distributed training
a: no special abilities


You were on level 2 of the Dungeon.
You visited 1 branch of the dungeon, and saw 2 of its levels.

Inventory:

Hand Weapons
 a - a +0 club
 e - a +0 long sword (weapon)
Armour
 c - a +0 leather armour (worn)
Scrolls
 b - a scroll of fear
Potions
 d - a potion of attraction


   Skills:
 + Level 2.3 Fighting
 + Level 0.0 Short Blades
 + Level 0.0 Long Blades
 + Level 0.0 Axes
 + Level 0.0 Maces & Flails
 + Level 0.0 Polearms
 + Level 0.0 Staves
 + Level 0.0 Ranged Weapons
 + Level 0.0 Throwing
 + Level 0.0 Armour
 + Level 2.3 Dodging
 + Level 2.1 Stealth
 + Level 0.0 Shields
 + Level 0.0 Unarmed Combat
 + Level 4.8 Spellcasting
 + Level 0.0 Conjurations
 + Level 7.0 Hexes
 + Level 0.0 Summonings
 + Level 0.0 Necromancy
 + Level 0.0 Translocations
 + Level 0.0 Transmutations
 + Level 0.0 Fire Magic
 + Level 0.0 Ice Magic
 + Level 0.0 Air Magic
 + Level 0.0 Earth Magic
 + Level 0.0 Poison Magic
 + Level 0.1 Invocations
 + Level 2.3 Evocations
 + Level 0.0 Shapeshifting


You had 8 spell levels left.
You knew the following spells:

 Your Spells              Type           Power      Damage    Failure   Level
a - Slow                  Hex            72%        N/A       1%          1

Your spell library contained the following spells:

 Spells                   Type           Power      Damage    Failure   Level
 Inner Flame              Hex/Fire       10%        N/A       19%         3
 Portal Projectile        Hex/Tloc       20%        N/A       19%         3
 Passwall                 Tmut/Erth      1%         N/A       38%         2
 Wereblood                Tmut           2%         N/A       38%         2


Dungeon Overview and Level Annotations

Branches:
Dungeon (1/15)

Altars:


Innate Abilities, Weirdness & Mutations

You have very sharp teeth.
Your uncanny sense of smell can sniff out nearby items.
Your experience applies equally to all skills.


Message History

The ball python constricts you.
You escape the ball python's grasp.
The ball python attacks as you move away!
The ball python bites you.
The ball python attacks as you move away!
The ball python bites you. The ball python closely misses you.
Found a book of Blood.
The ball python attacks as you move away!
The ball python bites you but does no damage.
A goblin comes into view. It is wielding a +0 dagger.
A bat comes into view.
Found a whip.
Found a stone staircase leading down.
e - a +0 long sword (weapon)
The goblin shouts!
The ball python closely misses you. The ball python barely misses you.
You hit the ball python.
You kill the ball python!
The bat barely misses you.
You barely miss the bat. The bat hits you but does no damage.
The bat barely misses you. The rat closely misses you. The bat misses you.
The rat closely misses you.
The rat twitches its whiskers.
You slash the bat!
You kill the bat!
The rat barely misses you.
You hit the rat.
You kill the rat!
The goblin hits you with a +0 dagger. The rat bites you.
You barely miss the goblin. The rat bites you but does no damage.
The goblin closely misses you.
You miss the goblin. The rat bites you. The goblin hits you with a +0 dagger.
* * * LOW HITPOINT WARNING * * *
You barely miss the goblin. You bite the goblin.
The goblin is heavily wounded.
The rat bites you.
* * * LOW HITPOINT WARNING * * *
The goblin hits you with a +0 dagger.
* * * LOW HITPOINT WARNING * * *
The rat closely misses you. The goblin hits you with a +0 dagger.
You die...

#.#............... ###
#.................
#...##?..##.....>.#....
#........r#...........:
#...........#.....#....
#..##.#....r.....#.....
. #.r###.....rrw..# #r.
#...###r####


#rr #...# #@# ## ###.. #g# ...$... ∆ .......) .......... ........... .........>.
............. You could see a dart slug, a goblin and 3 rats.

Vanquished Creatures
  A ball python (D:2)
  A bat (D:2)
  A rat (D:2)
3 creatures vanquished.

Notes
Turn   | Place    | Note
-------+----------+-------------------------------------------
     0 | D:1      | zazu2006 the Gnoll Wanderer began the quest for the Orb.
     0 | D:1      | zazu2006 set off with the following items: a +0 club, a
                  | scroll of fear, a +0 leather armour, a potion of
                  | attraction; and the following spell memorised: Slow; and
                  | the following spells available to memorise: Inner Flame,
                  | Portal Projectile, Passwall, Wereblood.
     0 | D:1      | Reached XP level 1. HP: 17/17 MP: 6/6
     4 | D:1      | You fall into a shaft and drop 1 floor!
    24 | D:2      | Slain by a goblin

Illustrated notes

Levels and vault maps discovered:
D:1:      ebering_trefoil_3fold, layout_loops_ring
D:2:      layout_rooms, minmay_rat_hole

Action                     || total
---------------------------++-------
  Melee: Long sword        ||     7
         Bite              ||     1
 Armour: Leather armour    ||     4
  Dodge: Dodged            ||    12

Table legend: (Time is in decaauts)
 A = Elapsed time spent in this place.
 B = Non-inter-level travel time spent in this place.
 C = Inter-level travel time spent in this place.
 D = Time resting spent in this place.
 E = Time spent auto-exploring this place.
 F = Levels seen in this place.
 G = Mean time per level.
                   A        B        C        D        E       F      G
               +--------+--------+--------+--------+--------+-----+--------+
         Total |     25 |     25 |      0 |      0 |      4 |   2 |   12.5 |
       Dungeon |     25 |     25 |      0 |      0 |      4 |   2 |   12.5 |
               +--------+--------+--------+--------+--------+-----+--------+

Top non-repeatable levels by time:
     D:2: 21 daAuts
     D:1: 4 daAuts
